 Dungeon Crawl Stone Soup version 0.17-a0-1332-g9db7d08 (webtiles) character file.

111 Geomchi the Insei (level 4, 0/36 HPs)
             Began as a Draconian Transmuter on June 10, 2015.
             Slain by an ooze (4 damage)
             ... on level 3 of the Dungeon.
             The game lasted 00:03:53 (3377 turns).

Geomchi the Insei (Draconian Transmuter)            Turns: 3377, Time: 00:03:53

Health: 0/36       AC:  5    Str: 12    XL:     4   Next: 62%
Magic:  7/7        EV: 13    Int: 14    God:
Gold:   85         SH:  0    Dex: 12    Spells: 1 memorised, 6 levels left

rFire  . . .     SeeInvis .       - Unarmed
rCold  . . .     Clarity  .     (armour unavailable)
rNeg   . . .     SustAt   +     (no shield)
rPois  .         Gourm    .     (helmet restricted)
rElec  .         Spirit   .     (no cloak)
rCorr  .         Warding  .     (no gloves)
rMut   .         Stasis   .     (no boots)
MR     +....                    (no amulet)
Stlth  +.........               k - ring of sustain attributes
                                t - ring of protection from magic

@: drained, somewhat resistant to hostile enchantments, very unstealthy
A: unfitting armour, cold-blooded, AC +5
a: no special abilities


You were on level 3 of the Dungeon.
You were not hungry.

You visited 1 branch of the dungeon, and saw 3 of its levels.

You collected 85 gold pieces.

Inventory:

Missiles
 a - 69 arrows
Jewellery
 k - a ring of sustain attributes (right hand)
 t - a ring of protection from magic (left hand)
Scrolls
 h - 2 scrolls of fear
 l - a scroll of enchant armour {unknown}
 m - 2 scrolls of identify {unknown}
 n - a scroll of recharging {unknown}
 s - a scroll of remove curse
Potions
 d - a potion of agility {unknown}
 f - a potion of ambrosia {unknown}
 g - 2 potions of degeneration {unknown}
 i - 2 potions of cancellation {unknown}
 j - a potion of heal wounds {unknown}
 p - a potion of cure mutation {unknown}
 r - a potion of curing {unknown}
Books
 b - a book of Changes

   Spells                             Type                      Level
   a - Beastly Appendage              Transmutation                1
   b - Sticks to Snakes               Transmutation                2
   c - Spider Form                    Transmutation/Poison         3
   d - Ice Form                       Ice/Transmutation            4
   e - Blade Hands                    Transmutation                5
Comestibles
 c - 3 bread rations {@e1}
 o - 2 slices of pizza


   Skills:
 + Level 2.0(1.8) Fighting
 + Level 3.3(3.2) Dodging
 + Level 4.0(3.8) Unarmed Combat
 - Level 2.0(1.8) Spellcasting
 - Level 2.0(1.8) Transmutations


You had 6 spell levels left.
You knew the following spells:

 Your Spells              Type           Power        Failure   Level  Hunger
a - Beastly Appendage     Trmt           #.....       14%         1    ##.....


Dungeon Overview and Level Annotations

Branches:
Dungeon (3/15)

Altars:
Ashenzari
Dithmenos
Ru
Yredelemnul
The Shining One


Innate Abilities, Weirdness & Mutations

Your plain brown scales are hard (AC +5).
Your body does not fit into most forms of armour.
You are cold-blooded and may be slowed by cold attacks.


Message History

The ooze jiggles.
You hit the orc.
You tail-slap the orc, but do no damage.
The orc hits you but does no damage.
You hit the orc. You punch the orc, but do no damage.
The orc closely misses you.
You closely miss the orc. You barely miss the orc.
You tail-slap the orc, but do no damage.
The orc hits you but does no damage.
You hit the orc.
You kill the orc!
Your base Fighting skill increases to level 2!
You barely miss the ooze. The ooze hits you but does no damage.
You hit the ooze but do no damage. The ooze hits you but does no damage.
You hit the ooze. The ooze hits you.
* * * LOW HITPOINT WARNING * * *
You hit the ooze. The ooze completely misses you.
You hit the ooze. You tail-slap the ooze. The ooze hits you.
You die...

######## .
#......######....
# #.....@J......
#. #.#.######....
#.##.#.# .
####.>....#
#.......###
#.#####.# # #.##
# ## ###..##
#.##. #....>####
##.#..


You could see an ooze.

Vanquished Creatures
  2 adders (D:3)
  An ooze (D:2)
  6 giant geckos
  4 orcs (D:3)
  2 giant cockroaches (D:2)
  13 goblins
  13 hobgoblins
  4 jackals
  A quokka (D:2)
  5 bats
  2 giant newts (D:3)
  14 kobolds
  7 rats
74 creatures vanquished.

Notes
Turn   | Place    | Note
--------------------------------------------------------------
     0 | D:1      | Geomchi the Draconian Transmuter began the quest for the Orb.
     0 | D:1      | Reached XP level 1. HP: 16/16 MP: 3/3
   311 | D:1      | Reached XP level 2. HP: 23/23 MP: 3/5
  1323 | D:2      | Reached XP level 3. HP: 9/28 MP: 6/6
  2264 | D:2      | Reached XP level 4. HP: 27/35 MP: 7/7
  2398 | D:2      | Found a sacrificial altar of Ru.
  2714 | D:3      | Found a shadowy altar of Dithmenos.
  2758 | D:3      | Found a glowing golden altar of the Shining One.
  2760 | D:3      | Noticed an angel
  2773 | D:3      | Found a shattered altar of Ashenzari.
  2871 | D:3      | Reached skill level 4 in Unarmed Combat
  2903 | D:3      | Found a basalt altar of Yredelemnul.
  3377 | D:3      | Slain by an ooze

Vault maps used:
D:1:      minmay_arrival_arboretum_large
D:2:      nicolae_ru_path_of_blood
D:3:      grunt_temple_overflow_holy_war, lemuel_crystal_altar, led_sif_book,
          ashenzari_altar_1

Action                   |  1- 3 |  4- 6 || total
-------------------------+-------+-------++-------
Melee: Unarmed           |   206 |    99 ||   305
 Cast: Beastly Appendage |    23 |    11 ||    34
  Use: Scroll            |       |     3 ||     3
 Stab: Sleeping          |     2 |     5 ||     7
  Eat: Chunk             |     5 |     4 ||     9
